 Dungeon Crawl Stone Soup version 0.14-a0-1876-g927fc3a (webtiles) character file.

79 Kae the Insei (level 3, 0/28 HPs)
             Began as a Draconian Transmuter on Jan 14, 2014.
             Succumbed to an adder's poison
             ... on Level 1 of the Dungeon.
             The game lasted 00:00:43 (865 turns).

Kae the Insei (Draconian Transmuter)                 Turns: 865, Time: 00:00:44

HP   0/28        AC  5     Str 12      XL: 3   Next: 28%
MP   4/6         EV 12     Int 13      God:
Gold 40          SH  0     Dex 12      Spells:  1 memorised,  5 levels left

rFire  . . .     SeeInvis .       - Unarmed
rCold  . . .     Clarity  .     (armour unavailable)
rNeg   . . .     Conserve .     (no shield)
rPois  .         rCorr    .     (helmet restricted)
rElec  .         rRot     .     (no cloak)
SustAb . .       Spirit   .     (no gloves)
rMut   .         Warding  .     (boots unavailable)
Saprov . . .     Stasis   .     (no amulet)
MR     .....                    (no ring)
                                (no ring)

@: appendage, mildly poisoned, very slightly contaminated, not resistant to
hostile enchantments, unstealthy
A: unfitting armour, talons 3, AC +5
a: End Transformation


You were on level 1 of the Dungeon.
You were not hungry.
You had grown temporary talons.
You visited 1 branch of the dungeon, and saw 2 of its levels.

You collected 40 gold pieces.

Inventory:

Missiles
 b - 12 arrows
 m - 6 arrows of dispersal
Comestibles
 a - a bread ration
Scrolls
 c - 4 scrolls of identify {unknown}
 e - a scroll of curse weapon {unknown}
 g - a scroll of curse armour {unknown}
 h - 3 scrolls of magic mapping {unknown}
 i - a scroll of curse jewellery {unknown}
 k - a scroll of fear {unknown}
 l - a scroll of enchant weapon II {unknown}
Potions
 f - a potion of restore abilities
Books
 d - a book of Changes

   Spells                             Type                      Level
   *Beastly Appendage                 Transmutation                1
   Sticks to Snakes                   Transmutation                2
   Spider Form                        Transmutation/Poison         3
   Ice Form                           Ice/Transmutation            4
   Blade Hands                        Transmutation                5


   Skills:
 - Level 1.1 Fighting
 - Level 1.7 Dodging
 * Level 4.1 Unarmed Combat
 - Level 2.0 Spellcasting
 + Level 2.4 Transmutations


You had 5 spell levels left.
You knew the following spells:

 Your Spells              Type           Power        Failure   Level  Hunger
a - Beastly Appendage     Trmt           #.....       12%         1    ##.....


Dungeon Overview and Level Annotations

Branches:
Dungeon (2/16)

Altars:


Innate Abilities, Weirdness & Mutations

Your plain brown scales are hard (AC +5).
Your body does not fit into most forms of armour.
Your cold-blooded metabolism reacts poorly to cold.
You have claws for feet.


Message History

Drink which item? (? for menu, Esc to quit)
You feel better.
It was a potion of curing.
The adder misses you. The adder closely misses you.
The adder barely misses you.
You closely miss the adder.
The adder is severely wounded.
The adder bites you but does no damage. The adder closely misses you.
You barely miss the adder.
The adder is severely wounded.
The adder closely misses you. The adder misses you.
You hit the adder.
You kill the adder!
The adder bites you.
* * * LOW HITPOINT WARNING * * *
Casting: Beastly Appendage
Confirm with . or Enter, or press ? or * to list all spells.
Your feet morph into talons.
The adder bites you.
* * * LOW HITPOINT WARNING * * *
You are poisoned.
The adder poisons you!
You die...

####.........#
#.[......#
#.....[...#
#........#
#####%#####
#.##.##### #.#
#%##.#
#######(#
#.##.#
#.......#
#.##.#
#.......#
#.##.#
#.......#
#S##.#
##.......#
#@##.#
.........#
#%##.#
##.>.....#
#.##.#
#.......#
#.##.#
###.###.#
#.##.#
###.###.###
#.##.#
##.........#
#.##.#
...........#
#.##.#
##.........#
#.##.#


You could see an adder.

Vanquished Creatures
  An adder (D:1)
  A giant gecko (D:1)
  An ooze (D:2)
  3 hobgoblins
  12 bats
  2 goblins (D:1)
  3 kobolds (D:1)
  4 rats (D:1)
27 creatures vanquished.

Notes
Turn   | Place    | Note
--------------------------------------------------------------
     0 | D:1      | Kae, the Draconian Transmuter, began the quest for the Orb.
     0 | D:1      | Reached XP level 1. HP: 16/16 MP: 3/3
   318 | D:1      | Reached XP level 2. HP: 21/23 MP: 2/4
   694 | D:2      | Reached skill level 4 in Unarmed Combat
   700 | D:2      | Reached XP level 3. HP: 17/28 MP: 6/6
   859 | D:1      | HP: 1/28 [adder (2)]
   864 | D:1      | HP: 1/28 [adder (4)]
   865 | D:1      | Succumbed to an adder's poison

Action                   || total
-------------------------++-------
Melee: Unarmed           ||   106
 Cast: Beastly Appendage ||     2
  Use: Potion            ||     2
 Stab: Sleeping          ||     1
